Map: Ruins of Seras

Players

WeRiano

  • Race: Protoss Protoss
  • League: Platinum

MonSoOn - Winner!

  • Race: Terran Terran
  • League: Platinum

VOD

Have the link to the VOD?

Description

Time

  • Played on: Sept. 27, 2015, 3:05 p.m.
  • Length: 24:32
Show
View Real Time Build Order
Export as new Build Order

WeRiano Protoss 

Build Orders: Oracle Opening 

Get SALT Encoding   

  12  0:01  Probe (Chrono Boost)  
  13  0:11  Probe (Chrono Boost)  
  14  0:20  Pylon  
  14  0:25  Probe (Chrono Boost)  
  15  0:37  Probe (Chrono Boost)  
  15  0:40  Gateway  
  16  0:47  Probe (Chrono Boost)  
  17  0:50  Assimilator  
  17  0:57  Probe (Chrono Boost)  
  18  1:07  Probe (Chrono Boost)  
  18  1:09  Assimilator  
  19  1:17  Probe (Chrono Boost)  
  20  1:21  Pylon  
  20  1:27  Probe (Chrono Boost)  
  20  1:29  Cybernetics Core  
  21  1:37  Probe (Chrono Boost)  
  22  2:00  Nexus  
  22  2:03  Probe (Chrono Boost)  
  22  2:06  Warp Gate  
  23  2:12  Adept (Chrono Boost)  
  25  2:17  Mothership Core (Chrono Boost)  
  27  2:36  Probe  
  28  2:37  Adept (Chrono Boost)  
  30  2:46  Pylon  
  30  2:48  Probe  
  31  2:54  Stargate  
  31  3:03  Adept (Chrono Boost)  
  31  3:04  Probe  
  34  3:10  Probe  
  35  3:16  Probe  
  35  3:19  Probe  
  36  3:27  Adept (Chrono Boost)  
  37  3:28  Probe  
  37  3:30  Probe  
  41  3:39  Oracle (Chrono Boost)  
  41  3:40  Probe  
  42  3:42  Pylon  
  42  3:44  Probe  
  46  3:52  Probe  
  47  3:56  Robotics Facility  
  47  3:58  Probe  
  48  4:03  Assimilator  
  48  4:04  Probe  
  48  4:05  Assimilator  
  49  4:10  Probe  
  49  4:16  Probe  
  51  4:18  Adept  
  51  4:22  Probe  
  54  4:25  Gateway  
  54  4:26  Gateway  
  54  4:32  Gateway  
  54  4:37  Probe x2  
  56  4:44  Pylon  
  56  4:49  Probe x2  
  50  5:18  Probe x2  
  50  5:20  Adept  
  54  5:27  Forge  
  54  5:31  Twilight Council, Observer  
  54  5:33  Pylon  
  55  5:36  Robotics Bay  
  55  5:37  Adept x4  
  55  5:40  Probe x2  
  65  5:53  Probe x2  
  67  5:59  Pylon  
  67  6:04  Protoss Ground Weapons Level 1  
  67  6:05  Nexus  
  67  6:07  Probe x2, Pylon  
  67  6:08  Adept  
  74  6:25  Disruptor (Chrono Boost)  
  74  6:35  Adept  
  74  6:36  Adept x3  
  74  6:39  Probe x2  
  84  6:45  Pylon  
  84  6:48  Pylon  
  84  6:55  Probe x2, Disruptor (Chrono Boost)  
  84  6:57  Shield Upgrade  
  84  6:58  Adept x2  
  93  7:10  Pylon  
  93  7:13  Pylon  
  93  7:15  Pylon  
  89  7:34  Stalker x3  
  89  7:35  Stalker  
  97  7:38  Disruptor (Chrono Boost)  
  97  7:57  Photon Cannon  
  97  7:58  Probe  
  97  7:59  Photon Cannon  
  97  8:00  Probe  
  97  8:01  Probe  
  100  8:08  Gateway  
  100  8:09  Gateway  
  100  8:12  Templar Archives  
  100  8:15  Gateway  
  100  8:18  Assimilator  
  100  8:20  Gateway, Disruptor (Chrono Boost), Assimilator  
  100  8:26  Probe x2  
  105  8:36  Stalker x3  
  88  8:53  Adept  
  82  8:59  Adept x2  
  82  9:00  Adept, Disruptor (Chrono Boost)  
  87  9:07  Probe  
  87  9:09  Probe x2  
  90  9:12  Protoss Ground Weapons Level 2  
  90  9:17  Probe  
  90  9:21  Probe x2  
  93  9:24  High Templar  
  93  9:27  Charge  
  93  9:29  Disruptor (Chrono Boost)  
  98  9:33  Probe x2  
  98  9:35  Probe  
  101  9:41  High Templar x2  
  101  9:45  Probe x2  
  106  9:47  Probe  
  106  9:50  Archon  
  108  9:56  Probe  
  108  9:57  Probe  
  111  10:00  Probe  
  111  10:09  Probe, Zealot  
  111  10:10  Zealot x4  
  111  10:11  Zealot  
  111  10:12  Probe  
  124  10:14  Probe  
  122  10:23  Adept x2  
  122  10:26  Pylon  
  117  10:30  Pylon  
  111  10:37  Adept x3  
  111  10:40  Probe  
  111  10:42  Probe x2  
  113  10:54  Probe  
  114  11:11  High Templar x3  
  116  11:13  Zealot  
  116  11:14  Zealot, High Templar  
  116  11:17  Archon x2  
  116  11:18  Disruptor (Chrono Boost)  
  126  11:25  Probe  
  129  11:27  Probe x2  
  132  11:35  Phoenix (Chrono Boost)  
  131  11:40  High Templar  
  125  11:56  Stalker x2  
  125  11:57  Stalker x3  
  131  12:06  Nexus  
  125  12:15  Pylon  
  125  12:17  Pylon  
  125  12:27  Protoss Ground Weapons Level 3  
  125  12:31  Probe  
  125  12:33  Probe x2  
  128  12:38  Stalker  
  128  12:39  Stalker  
  127  12:46  Probe  
  128  12:52  Phoenix (Chrono Boost)  
  128  12:53  Probe  
  128  12:55  Probe  
  128  12:58  Probe  
  133  13:02  Disruptor  
  133  13:05  Probe  
  133  13:07  Probe  
  133  13:12  Phoenix (Chrono Boost)  
  138  13:17  Pylon  
  138  13:18  Pylon x2  
  138  13:19  Probe  
  140  13:20  Probe  
  140  13:21  Probe  
  143  13:29  Probe x2  
  143  13:33  Probe x2  
  143  13:34  Assimilator  
  147  13:38  Assimilator  
  147  13:42  Templar Archives  
  147  13:46  Warp Prism  
  147  13:47  Probe  
  147  13:49  Probe  
  147  13:50  Probe  
  152  14:00  Phoenix (Chrono Boost)  
  152  14:06  Probe x2  
  152  14:08  Probe x2  
  156  14:15  Disruptor  
  156  14:16  Probe x2  
  156  14:20  Probe  
  156  14:23  Phoenix (Chrono Boost)  
  164  14:26  High Templar x2  
  164  14:28  Zealot x3  
  164  14:30  Archon  
  174  14:36  Pylon  
  174  14:37  Pylon  
  174  14:40  Pylon  
  174  14:46  High Templar x2  
  174  14:47  Disruptor, Zealot  
  174  14:49  Archon  
  181  15:34  High Templar x4  
  189  15:36  High Templar x2  
  189  15:37  Archon x2  
  189  15:38  Archon  
  193  15:42  Nexus  
  193  15:47  Pylon  
  193  15:50  Pylon  
  193  16:03  Disruptor  
  187  16:07  Nexus  
  187  16:13  High Templar x2  
  187  16:14  High Templar x2  
  187  16:15  Archon  
  187  16:16  Archon  
  195  16:19  Zealot x2  
  157  16:55  High Templar x2  
  157  16:56  Zealot x6  
  155  17:09  Protoss Ground Armor Level 1  
  149  17:26  Archon  
  149  17:33  Adept x5  
  149  17:34  Adept x3  
  165  17:43  Gateway  
  165  17:45  Gateway, Photon Cannon  
  165  17:48  Gateway  
  165  17:52  Gateway x2  
  165  17:54  High Templar x2  
  165  17:55  High Templar x3  
  165  17:56  Zealot x2, High Templar  
  165  17:57  Gateway  
  181  18:13  Archon  
  181  18:14  Archon  
  181  18:15  Disruptor  
  181  18:18  Archon  
  184  18:32  Psionic Storm  
  184  18:40  Pylon  
  184  18:42  Pylon  
  184  18:43  Assimilator  
  184  18:48  Assimilator  
  178  19:05  High Templar x4  
  178  19:07  Archon  
  178  19:08  Archon  
  178  19:09  Zealot  
  188  19:10  Zealot x3  
  188  19:16  Extended Thermal Lance  
  147  20:02  Stalker x2  
  147  20:03  Stalker x3  
  147  20:04  Stalker x3  
  147  20:05  Observer  
  147  20:22  Observer  
  140  20:37  Disruptor  
  140  20:40  High Templar x4  
  140  20:41  Zealot x3  
  140  20:42  Zealot x5  
  162  20:43  Zealot x2  
  162  20:45  Archon  
  171  20:54  Archon  
  171  21:09  Observer  
  148  21:22  High Templar  
  148  21:23  Zealot x2, High Templar  
  148  21:24  Zealot x5  
  148  21:25  Zealot x3  
  167  21:26  Zealot x2  
  167  21:27  Archon  
  168  21:50  Assimilator  
  168  21:52  High Templar x2  
  168  21:53  High Templar x2  
  168  21:54  High Templar x3, Assimilator  
  177  21:57  Pylon, Archon  
  177  21:58  Archon x2  
  177  21:59  High Templar  
  177  22:00  Disruptor  
  181  22:03  Archon  
  184  22:19  Photon Cannon  
  184  22:20  Photon Cannon  
  184  22:23  Photon Cannon  
  184  22:24  Zealot x6, Photon Cannon  
  184  22:25  Zealot x2  
  184  22:27  Pylon  
  200  22:30  Pylon  
  194  22:50  Disruptor  
  135  23:13  High Templar x3  
  135  23:14  Zealot x2, High Templar  
  135  23:15  Zealot x7  
  135  23:16  Zealot  
  156  23:20  Gateway  
  156  23:25  Archon  
  156  23:26  Archon  
  145  23:35  Stalker x2  
  145  23:36  Stalker x7  
  163  23:49  Stalker x5  
  136  24:06  Observer  
  116  24:14  Zealot x4  
  116  24:15  Zealot x6  
  116  24:16  Zealot x2  
  118  24:25  Zealot  
  118  24:26  Zealot x2  
Show
View Real Time Build Order
Export as new Build Order

MonSoOn Terran - Winner!

Build Orders: Command Center First (CC) 

Get SALT Encoding   

  12  0:00  SCV  
  13  0:12  SCV  
  14  0:18  Supply Depot  
  14  0:25  SCV  
  15  0:39  SCV  
  16  0:51  SCV  
  17  1:00  Command Center  
  17  1:04  SCV  
  18  1:15  Barracks  
  18  1:17  SCV  
  19  1:31  Barracks  
  19  1:32  SCV  
  20  1:38  Refinery  
  20  1:44  SCV  
  21  2:02  Orbital Command  
  21  2:03  Marine  
  22  2:12  Bunker  
  22  2:13  Orbital Command  
  22  2:20  Barracks Tech Lab  
  22  2:29  Barracks Reactor  
  22  2:31  SCV  
  22  2:32  Refinery  
  23  2:40  SCV  
  24  2:47  Supply Depot  
  24  2:49  SCV  
  24  2:50  Marine  
  26  2:53  SCV  
  27  3:00  Engineering Bay  
  27  3:01  SCV  
  28  3:06  SCV  
  28  3:07  Marine x2  
  28  3:09  Stimpack  
  31  3:12  Marine  
  31  3:13  SCV  
  31  3:18  Supply Depot, SCV  
  34  3:25  SCV  
  34  3:26  Factory  
  35  3:28  Refinery  
  35  3:30  Marine x2  
  35  3:31  Marine  
  38  3:35  SCV  
  38  3:38  SCV  
  39  3:43  Supply Depot  
  39  3:49  SCV  
  39  3:51  Barracks  
  39  3:54  Marine  
  39  3:55  Marine x2  
  43  3:56  SCV  
  43  4:01  SCV  
  45  4:10  SCV  
  45  4:13  Supply Depot, Starport, Factory Reactor  
  45  4:15  SCV  
  47  4:19  Marine x2  
  47  4:20  Marine  
  47  4:22  Terran Infantry Weapons Level 1  
  50  4:28  SCV  
  51  4:34  SCV  
  51  4:37  Missile Turret  
  52  4:39  Barracks Tech Lab, Marauder  
  52  4:41  SCV  
  52  4:43  Missile Turret  
  52  4:44  Marine x2  
  57  4:46  SCV  
  56  4:53  SCV  
  56  4:58  SCV  
  45  5:05  SCV  
  37  5:08  Marine x2  
  37  5:10  SCV  
  37  5:17  SCV  
  37  5:19  Medivac  
  38  5:23  SCV  
  38  5:24  Medivac  
  41  5:29  SCV  
  41  5:35  SCV  
  43  5:37  Marine x2  
  43  5:38  Marauder  
  43  5:41  SCV  
  48  5:47  SCV  
  49  5:51  Medivac  
  49  5:53  SCV  
  49  5:54  Medivac  
  54  5:59  SCV  
  55  6:05  SCV  
  55  6:08  Supply Depot  
  55  6:10  Marauder x2  
  55  6:11  SCV, Marine x2  
  63  6:17  SCV  
  64  6:22  Factory Reactor  
  64  6:23  SCV  
  65  6:29  SCV  
  66  6:37  Marine  
  66  6:38  Marauder, Marine x2  
  71  6:45  SCV x2  
  73  6:47  Medivac  
  73  6:51  Command Center  
  73  6:53  Supply Depot  
  75  6:55  Supply Depot  
  75  7:02  SCV x2  
  75  7:06  Terran Infantry Armor Level 1  
  77  7:13  Widow Mine  
  77  7:15  SCV  
  78  7:31  SCV x2, Marine x3  
  78  7:32  Marauder  
  78  7:36  Barracks  
  83  7:37  Barracks  
  83  7:39  Refinery  
  83  7:43  SCV  
  84  7:49  Marine, Widow Mine x2  
  89  7:59  Supply Depot  
  89  8:04  Supply Depot  
  89  8:05  Marine  
  89  8:06  Marauder  
  89  8:07  Marauder  
  89  8:08  Orbital Command  
  89  8:12  SCV  
  95  8:15  SCV  
  95  8:19  Engineering Bay  
  96  8:21  Armory, Marine  
  96  8:23  Marine, Widow Mine x2  
  96  8:24  SCV  
  103  8:28  SCV  
  104  8:36  SCV  
  91  8:58  Marine x2  
  91  8:59  Marauder  
  91  9:00  Barracks Tech Lab  
  91  9:01  Barracks Reactor, Orbital Command  
  91  9:06  Medivac x2  
  95  9:11  SCV  
  96  9:17  Terran Infantry Weapons Level 2  
  96  9:20  Supply Depot  
  96  9:21  Supply Depot  
  96  9:24  Supply Depot  
  96  9:26  Marine x2  
  96  9:27  Marauder, Marine  
  101  9:33  Refinery  
  101  9:34  Missile Turret  
  101  9:35  Supply Depot  
  101  9:36  Bunker, Medivac  
  101  9:37  Supply Depot, SCV  
  101  9:38  Refinery  
  104  9:43  Marine  
  104  9:44  Marauder, Marine  
  108  9:45  Terran Infantry Armor Level 2  
  108  9:48  Marine x2  
  108  9:51  SCV  
  111  9:55  SCV x2  
  115  10:00  Marauder  
  115  10:03  Terran Vehicle And Ship Armor Level 1  
  115  10:07  Widow Mine x2  
  115  10:09  Marauder, Marine x2  
  123  10:15  SCV x2  
  123  10:16  Medivac  
  123  10:17  SCV, Medivac  
  123  10:18  Marine  
  123  10:19  Marauder, Marine  
  124  10:48  Marine x4  
  124  10:49  Marauder x3  
  132  10:50  Medivac x2  
  132  10:58  SCV  
  132  10:59  SCV  
  134  11:06  Marine x2  
  134  11:10  Command Center  
  136  11:12  Widow Mine x2  
  136  11:14  SCV x2  
  136  11:16  Barracks x2  
  136  11:17  Starport, Barracks  
  142  11:21  Command Center  
  142  11:22  SCV  
  142  11:25  Marine x3  
  146  11:26  Marauder x2  
  146  11:28  Supply Depot  
  143  11:58  Marine x4  
  143  11:59  Marauder x2  
  145  12:09  Liberator x2  
  145  12:12  Barracks Reactor  
  145  12:13  Barracks Tech Lab  
  145  12:14  Barracks Reactor  
  135  12:22  Marine x3  
  136  12:23  Widow Mine x2, Marauder x2  
  136  12:27  Starport Tech Lab  
  150  12:44  Command Center  
  150  12:51  Marine x4  
  148  12:52  Marauder x4  
  157  12:58  Widow Mine x2  
  157  13:00  Marine x2  
  157  13:03  Liberator x2  
  157  13:05  Orbital Command  
  163  13:13  Marauder x2  
  163  13:18  Banshee  
  170  13:20  Marine x2  
  170  13:21  Marauder, Marine x2  
  182  13:36  Planetary Fortress  
  182  13:43  Missile Turret, Marauder  
  182  13:46  Missile Turret  
  182  13:47  Liberator  
  184  13:48  Refinery, Missile Turret  
  184  13:56  Terran Infantry Weapons Level 3  
  184  14:01  Terran Infantry Armor Level 3  
  187  14:10  Terran Vehicle And Ship Armor Level 2  
  187  14:16  Missile Turret  
  187  14:27  Sensor Tower  
  187  14:29  Liberator  
  187  14:30  Liberator  
  187  14:33  Unknown  
  187  14:38  Starport  
  187  14:39  Starport  
  187  14:41  Factory  
  187  14:43  Banshee  
  187  14:45  Cloaking Field  
  186  15:22  Starport Reactor  
  186  15:25  Ghost Academy, Starport Tech Lab  
  186  15:28  Liberator x2  
  186  15:34  Missile Turret x2  
  186  15:38  Factory Tech Lab  
  186  15:42  Missile Turret  
  186  15:43  Factory, Missile Turret  
  189  16:16  Planetary Fortress  
  189  16:18  Missile Turret  
  189  16:20  Missile Turret  
  189  16:21  Personal Cloaking, Refinery  
  189  16:23  Drilling Claws  
  189  16:24  Refinery  
  186  16:33  Building Armor  
  186  16:35  Liberator x2  
  186  16:46  Marine x5  
  178  16:47  Marauder x3  
  178  16:51  Banshee x2, Liberator  
  178  16:53  Widow Mine x2  
  162  16:54  Cyclone  
  162  16:56  Marauder, Marine x2  
  153  17:09  Marauder  
  153  17:10  Marine x3  
  153  17:11  Marauder  
  150  17:25  Marine x4  
  150  17:26  Cyclone  
  150  17:27  Widow Mine x2  
  150  17:28  Factory Tech Lab  
  161  17:33  Marine x2  
  161  17:34  Banshee, Marauder x3  
  161  17:35  Marauder  
  172  17:42  SCV x2  
  174  17:46  SCV x2  
  174  17:47  Marine  
  177  17:51  Widow Mine  
  177  17:56  Marauder x2  
  183  17:59  Cyclone, Liberator x2  
  186  18:07  Marine x4  
  186  18:08  Marauder x2  
  186  18:12  Terran Vehicle And Ship Armor Level 3  
  180  18:17  Marauder x2  
  190  18:29  Marauder  
  190  18:30  Refinery  
  192  18:36  Command Center  
  184  19:07  Banshee x2  
  155  19:50  Marine x5  
  155  19:51  Marauder x2  
  124  20:05  Banshee x2  
  126  20:20  Marine  
  126  20:21  Marine x3  
  125  20:22  Marauder x3  
  127  20:32  Widow Mine x3  
  127  20:33  Cyclone  
  136  20:36  Marine x3  
  136  20:37  Marauder  
  136  20:38  Liberator x3  
  141  20:43  Marauder  
  143  20:52  Marine x3  
  143  20:53  Marauder x2  
  143  20:55  Banshee x2  
  163  20:58  Marauder  
  163  21:01  Cyclone  
  163  21:02  Marine x2  
  170  21:04  Marauder  
  152  21:14  Marauder  
  143  21:19  Marine x2  
  143  21:20  Marauder, Marine  
  143  21:24  Liberator x4  
  146  21:26  Marine  
  146  21:27  Marauder, Widow Mine, Marine  
  146  21:28  Widow Mine  
  154  21:38  Banshee x2  
  154  21:39  Marine x2  
  160  21:40  Marauder x2  
  160  21:42  Marauder  
  160  21:44  Planetary Fortress  
  172  21:50  Widow Mine  
  172  21:52  Cyclone  
  175  22:12  SCV x3  
  178  22:16  Marine x2  
  178  22:17  Marauder x2, Widow Mine x2, Marine  
  178  22:19  Siege Tank  
  192  22:25  Cyclone  
  195  22:32  Terran Ship Weapons Level 1  
  177  22:55  Liberator  
  165  23:04  Marine x2  
  165  23:05  Marauder x2, Marine  
  150  23:06  Marauder  
  150  23:12  Banshee  
  143  23:14  Widow Mine  
  145  23:32  Marine x2  
  145  23:33  Marauder, Marine  
  145  23:34  Marauder x3  
  153  23:35  Widow Mine  
  153  23:36  Widow Mine  
  157  23:48  Missile Turret  
  157  23:50  Missile Turret  
  157  23:55  Command Center, Marauder x2  
  147  24:09  Marine x2  
  131  24:10  Marauder, Marine  
  131  24:11  Marauder  
Tags
 
Add a new tag
Caveats
  • Supply blocks, unpowered buildings, or Contaminate may cause inaccurate times.
  • Supply counts are checked every 10 seconds.